 Dungeon Crawl Stone Soup version 0.23.2-1-ga50397a6bc (webtiles) character file.

Game seed: 5540571220489041058

17 NochnoyZador the Digger (level 2, -1/15 HPs)
             Began as a Gargoyle Earth Elementalist on May 1, 2019.
             Slain by a kobold
             ... wielding a +0 dagger
              (4 damage)
             ... on level 1 of the Dungeon.
             The game lasted 00:03:11 (336 turns).

NochnoyZador the Digger (GrEE)                       Turns: 336, Time: 00:03:11

Health: -1/15      AC:  4    Str: 11    XL:     2   Next: 62%
Magic:  5/5        EV: 12    Int: 19    God:
Gold:   6          SH:  0    Dex: 10    Spells: 5/6 levels left

rFire    . . .     SeeInvis .   g - +0 club
rCold    . . .     Gourm    .   (no shield)
rNeg     + . .     Faith    .   c - +0 robe
rPois    ∞         Spirit   .   (no helmet)
rElec    +         Reflect  .   m - scarf {repulsion}
rCorr    .         Harm     .   (no gloves)
MR       .....                  (no boots)
Stlth    ++........             (no amulet)
HPRegen  0.05/turn              j - +4 ring of intelligence
MPRegen  0.09/turn              (no ring)

@: repel missiles
A: negative energy resistance 1, electricity resistance, unbreathing,
petrification resistance, rot immunity, AC +2
a: no special abilities


You were on level 1 of the Dungeon.
You were not hungry.

You visited 1 branch of the dungeon, and saw 1 of its levels.

You collected 6 gold pieces.

Inventory:

Hand Weapons
 g - a +0 club (weapon)
Missiles
 b - 67 stones (quivered)
Armour
 c - a +0 robe (worn)
 m - a scarf of repulsion (worn)
Jewellery
 j - a +4 ring of intelligence (left hand)
Scrolls
 e - a scroll of magic mapping {unknown}
 f - a scroll of fear {unknown}
 i - a scroll of amnesia {unknown}
Potions
 h - a potion of agility {unknown}
 k - a potion of mutation {unknown}
 l - a potion of cancellation {unknown}
Comestibles
 a - 7 chunks of flesh
 d - 4 rations


   Skills:
 - Level 1.5 Dodging
 - Level 2.1 Stealth
 * Level 2.5 Spellcasting
   Level 0.7 Transmutations
 * Level 4.2 Earth Magic


You had 5 spell levels left.
You knew the following spells:

 Your Spells              Type           Power        Failure   Level  Hunger
a - Sandblast             Erth           ###...       2%          1    #......

Your spell library contained the following spells:

 Spells                   Type           Power        Failure   Level  Hunger
 Passwall                 Tmut/Erth      ##......     9%          2    ##.....
 Stone Arrow              Conj/Erth      ##....       21%         3    ###....
 Petrify                  Tmut/Erth      ##......     50%         4    #####..
 Lee's Rapid Deconstruct  Erth           ###.......   61%         5    ######.


Dungeon Overview and Level Annotations

Branches:
Dungeon (1/15)

Altars:


Innate Abilities, Weirdness & Mutations

You are resistant to torment.
Your stone body is resilient. (AC +2)
You are immune to poison.
You resist negative energy. (rN+)
You are resistant to electric shocks. (rElec)
You can survive without breathing.
You are immune to petrification.
You are immune to rotting.


Message History

b - 66 stones (gained 1)
The goblin throws a stone.
The stone is repelled.
b - 67 stones (gained 1)
You hit the hobgoblin but do no damage. The hobgoblin hits you.
You hit the hobgoblin.
The hobgoblin is severely wounded.
The hobgoblin misses you.
You hit the hobgoblin but do no damage.
The hobgoblin is severely wounded.
The hobgoblin barely misses you. The kobold hits you but does no damage.
You hit the hobgoblin but do no damage.
The hobgoblin is severely wounded.
The hobgoblin misses you. The kobold hits you with a +0 dagger.
The hobgoblin hits you.
* * * LOW HITPOINT WARNING * * *
The kobold hits you but does no damage.
You hit the hobgoblin but do no damage.
The hobgoblin is severely wounded.
The hobgoblin closely misses you. The kobold hits you with a +0 dagger.
You die...

##. ..........#..........#.
##..####.......#............
..#.....###g.....#..........##
#........##....#.............#
#..........r# ....... #
###.........# ...##! #
#.........# ..###..
###......g#####.# #...#..#
.........rg@K...# .....
###.......####### .####.#.
#.........#### ........
###............#### #......
#...###....###)...######......
.###..####..####..........#......
............####..........#......
##.#.#........#.................
#.....#...##...................


You could see a hobgoblin, a goblin, a kobold and a rat.

Vanquished Creatures
  A dart slug (D:1)
  A leopard gecko (D:1)
  7 goblins (D:1)
  2 frilled lizards (D:1)
  A kobold (D:1)
  A rat (D:1)
13 creatures vanquished.

Notes
Turn   | Place    | Note
-------+----------+-------------------------------------------
     0 | D:1      | NochnoyZador the Gargoyle Earth Elementalist began the
                  | quest for the Orb.
     0 | D:1      | Reached XP level 1. HP: 10/10 MP: 3/3
   135 | D:1      | Reached XP level 2. HP: 12/15 MP: 5/5
   142 | D:1      | Reached skill level 4 in Earth Magic
   336 | D:1      | Slain by a kobold

Skill      XL: |  1  2 |
---------------+-------+-----
Earth Magic    | 4 |  4.2
Dodging        | |  1.5
Stealth        | |  2.1
Spellcasting   | |  2.5
Transmutations | |  0.7

Action                   || total
-------------------------++-------
Melee: Unarmed           ||    45
       Club              ||    16
 Stab: Distracted        ||     1
Armor: Robe              ||     9
Dodge: Dodged            ||    40
       Deflected         ||     3
